 Dungeon Crawl Stone Soup version 0.27.1-33-g824d729ab1 (webtiles) character file.

Game seed: 7920886958024035852

2137 boopmooplesden the Carver (level 9, -19/70 HPs)
             Began as a Minotaur Fighter on Dec 17, 2021.
             Was a Follower of Hepliaklqana.
             Demolished by a two-headed ogre (30 damage)
             ... on level 7 of the Dungeon.
             The game lasted 00:16:46 (6879 turns).

boopmooplesden the Carver (Minotaur Fighter)        Turns: 6879, Time: 00:16:48

Health: -19/70     AC: 11    Str: 24    XL:     9   Next: 9%
Magic:  8/8        EV:  7    Int:  5    God:    Hepliaklqana [*.....]
Gold:   315        SH: 12    Dex: 10    Spells: 8/8 levels left

rFire    . . .     SeeInvis .   a - +0 long sword
rCold    . . .     Faith    .   c - +1 kite shield
rNeg     . . .     Spirit   .   p - +0 chain mail
rPois    .         Reflect  .   (helmet restricted)
rElec    .         Harm     .   (no cloak)
rCorr    .         Rampage  .   (no gloves)
Will     .....                  (no boots)
Stlth    ..........             (no amulet)
HPRegen  0.21/turn              (no ring)
MPRegen  0.11/turn              (no ring)

@: no status effects
A: reduced essence, horns 2, retaliatory headbutt
a: Renounce Religion, Recall Ancestor, Ancestor Identity


You were on level 7 of the Dungeon.
You worshipped Hepliaklqana.
Hepliaklqana was aware of your devotion.
You visited 2 branches of the dungeon, and saw 8 of its levels.

You collected 315 gold pieces.

Inventory:

Hand Weapons
 a - a +0 long sword (weapon)
Missiles
 n - 3 atropa-tipped darts (quivered)
Armour
 b - a +0 scale mail
 c - a +1 kite shield (worn)
 p - a +0 chain mail (worn)
Jewellery
 l - a ring of wizardry
 m - an amulet of magic regeneration
Wands
 e - a wand of paralysis (7)
 i - a wand of flame (26)
 o - a wand of iceblast (6)
Scrolls
 f - a scroll of magic mapping
 h - a scroll of identify
Potions
 d - a potion of might
 g - a potion of haste {unknown}
 j - a potion of cancellation {unknown}
 r - a potion of lignification


   Skills:
 + Level 6.5 Fighting
 + Level 8.7 Long Blades
 + Level 8.2 Armour
 + Level 1.8 Dodging
 + Level 0.5 Stealth
 + Level 7.6 Shields


You had 8 spell levels left.
You didn't know any spells.
Your spell library contained the following spells:

 Spells                   Type           Power      Damage    Failure   Level
 Sandblast                Erth           0%         2d4       100%        1
 Corpse Rot               Necr/Air       N/A        N/A       100%        2
 Passwall                 Tmut/Erth      0%         N/A       100%        2
 Poisonous Vapours        Pois/Air       0%         N/A       100%        2
 Passage of Golubria      Tloc           N/A        N/A       100%        4
 Freezing Cloud           Conj/Ice/Air   0%         6-21      100%        5
 Lee's Rapid Deconstruct  Erth           0%         3d5*      100%        5
 Silence                  Hex/Air        0%         N/A       100%        5
 Lehudib's Crystal Spear  Conj/Erth      0%         10d2      100%        8


Dungeon Overview and Level Annotations

Branches:
Dungeon (7/15)             Temple (1/1) D:6

Altars:
Ashenzari
Dithmenos
Hepliaklqana
Kikubaaqudgha
Okawaru
Trog


Innate Abilities, Weirdness & Mutations

Your life essence is reduced to manifest your ancestor. (-10% HP)
You have a pair of horns on your head.
You reflexively headbutt those who attack you in melee.


Message History

The white imp freezes the two-headed ogre.
You barely miss the two-headed ogre.
The two-headed ogre is lightly wounded.
The white imp seems less confused.
The white imp gestures at you.
The puff of frost hits the two-headed ogre!
The two-headed ogre hits you with a +0 giant spiked club.
You block the two-headed ogre's attack.
The white imp hits Takurtum.
The white imp freezes Takurtum.
Takurtum resists.
You slash the two-headed ogre! You headbutt the two-headed ogre.
The two-headed ogre is heavily wounded.
You block the two-headed ogre's attack. x2; Takurtum hits the white imp.
The white imp gestures at you.
The puff of frost hits Takurtum.
Takurtum resists.
You slash the two-headed ogre!
Your headbutt misses the two-headed ogre.
The two-headed ogre is severely wounded.
The white imp is no longer blind.
Takurtum barely misses the white imp.
The two-headed ogre hits you with a +0 giant spiked club!!
The two-headed ogre hits you with a +0 giant club!
The white imp gestures at you.
The puff of frost misses Takurtum.
The puff of frost hits the two-headed ogre!
You hit the two-headed ogre.
The two-headed ogre is almost dead.
Takurtum completely misses the white imp.
You block the wight's attack.
The two-headed ogre hits you with a +0 giant spiked club.
The two-headed ogre hits you with a +0 giant club!!
* * * LOW HITPOINT WARNING * * *
The white imp misses Takurtum.
You feel better.
Takurtum hits the white imp but does no damage.
You block the wight's attack.
The white imp hits Takurtum.
The white imp freezes Takurtum.
Takurtum resists.
The two-headed ogre hits you with a +0 giant spiked club!!
You die...

#........####
............
.........(.#
...........##
.......5(... ..###.<.#
.......R..######........
.......Oz.........#....#
#....>@#.........#.....
#######...............#
#.............#.....
#.............#..# #
####..........#..###
##.......<)))###.
#.........#.###.
#..........#.##..
#...#####.#..#.....


You could see the friendly Takurtum the ancestor, a two-headed ogre, a wight and
a white imp (ally target).

Vanquished Creatures
  Sigmund (D:4)
  A steam dragon (D:6)
  Duvessa (D:4)
  A sky beast (D:6)
  A necrophage (D:6)
  An orc warrior (D:6)
  A black bear (D:6)
  An ogre (D:6)
  A phantom (D:5)
  Blork the orc (D:6)
  Dowan (D:4)
  A water moccasin zombie (D:5)
  A scorpion (D:6)
  5 killer bees (D:6)
  A bullfrog skeleton (D:6)
  7 hounds
  2 orc priests
  2 iguanas
  Jessica (D:2)
  7 orc wizards
  A hound zombie (D:5)
  A hound skeleton (D:5)
  2 howler monkey skeletons (D:4)
  6 adders
  3 gnolls (D:5)
  2 adder skeletons
  2 worms
  4 dart slugs
  11 orcs
  5 endoplasms
  4 giant cockroaches
  8 goblins
  7 hobgoblins
  2 quokkas
  4 ball pythons
  3 bats
  2 frilled lizards (D:1)
  2 kobolds
107 creatures vanquished.

Vanquished Creatures (others)
  An ancestor (D:6)
  7 fungi (D:6)
8 creatures vanquished.

Grand Total: 115 creatures vanquished

Notes
Turn   | Place    | Note
-------+----------+-------------------------------------------
     0 | D:1      | boopmooplesden the Minotaur Fighter began the quest for the
                  | Orb.
     0 | D:1      | Reached XP level 1. HP: 19/19 MP: 0/0
    31 | D:1      | You fall into a shaft and drop 1 floor!
   114 | D:2      | Reached XP level 2. HP: 15/27 MP: 1/1
   379 | D:1      | Reached XP level 3. HP: 25/33 MP: 2/2
   595 | D:1      | Found a faded altar of an unknown god.
  1570 | D:2      | Noticed Jessica
  1586 | D:2      | Killed Jessica
  1587 | D:2      | Reached XP level 4. HP: 12/40 MP: 3/3
  2522 | D:3      | Found a bloodstained altar of Trog.
  2522 | D:3      | Found a shadowy altar of Dithmenos.
  2716 | D:4      | Reached XP level 5. HP: 42/47 MP: 4/4
  2788 | D:4      | Noticed Sigmund
  2809 | D:4      | Killed Sigmund
  2810 | D:4      | Reached skill level 5 in Long Blades
  2810 | D:4      | Reached skill level 5 in Armour
  2810 | D:4      | Reached skill level 5 in Shields
  2810 | D:4      | Reached XP level 6. HP: 29/53 MP: 5/5
  3037 | D:4      | Noticed Dowan
  3038 | D:4      | Noticed Duvessa
  3049 | D:4      | Killed Duvessa
  3057 | D:4      | Killed Dowan
  3312 | D:4      | Reached skill level 5 in Fighting
  3468 | D:4      | Reached XP level 7. HP: 49/60 MP: 6/6
  3958 | D:5      | Entered Level 5 of the Dungeon
  4338 | D:5      | Reached skill level 1 in Dodging
  4813 | D:6      | Found a staircase to the Ecumenical Temple.
  4827 | D:6      | Reached XP level 8. HP: 68/68 MP: 7/7
  4835 | Temple   | Entered the Ecumenical Temple
  4850 | Temple   | Became a worshipper of Hepliaklqana the Forgotten
  5066 | D:6      | Noticed Blork the orc
  5071 | D:6      | Killed Blork the orc
  5500 | D:6      | Reached * piety under Hepliaklqana
  6298 | D:6      | Reached XP level 9. HP: 13/69 MP: 8/8
  6870 | D:7      | Noticed a two-headed ogre
  6878 | D:7      | HP: 2/70 [two-headed ogre (20)]
  6879 | D:7      | Demolished by a two-headed ogre

Illustrated notes

Levels and vault maps discovered:
D:1:      dpeg_arrival_arbitrary_a, layout_basic,
          hellmonk_ecumenical_altar_lost_god
D:2:      layout_basic, chequers_serial_rivers_micro_c, uniq_jessica
D:3:      layout_rooms, gammafunk_temple_overflow_wave
D:4:      layout_loops_ring, uniq_sigmund, uniq_duvessa
D:5:      layout_basic
D:6:      layout_loops_corners, minmay_temple_entry_sparse_star,
          serial_aquarium, aquarium_bridge_island_small
          [aquarium_subvault_small_open, aquarium_subvault_bridge,
          aquarium_subvault_wall, aquarium_subvault_bridge,
          aquarium_subvault_bridge], aquarium_bridge_square
          [aquarium_subvault_bridge, aquarium_subvault_window,
          aquarium_subvault_bridge, aquarium_subvault_bridge],
          aquarium_window_corridor_1, aquarium_window_1, aquarium_view_2d,
          aquarium_balcony_3a, uniq_blork_the_orc
D:7:      layout_rooms, nicolae_uskayaw_suspiria
Temple:   eino_temple_scatter_basement

Skill      XL: |  1  2  3  4  5  6  7  8 |
---------------+-------------------------+-----
Shields        | 4 5 6 7 |  7.6
Fighting       | 4 5 6 |  6.5
Armour         | 4 5 6 8 |  8.2
Long Blades    | 3 4 5 7 8 |  8.7
Dodging        | 1 |  1.8
Stealth        | |  0.5

Action                   |  1- 3 |  4- 6 |  7- 9 || total
-------------------------+-------+-------+-------++-------
Melee: Long sword        |    83 |   103 |   221 ||   407
       Headbutt          |    14 |    22 |    41 ||    77
Throw: Dart              |       |       |     3 ||     3
  Use: Scroll            |       |    10 |     3 ||    13
       Potion            |       |     2 |     2 ||     4
Armor: Scale mail        |    38 |       |       ||    38
       Chain mail        |       |    34 |   101 ||   135
Dodge: Dodged            |    24 |    23 |    53 ||   100
Block: Kite shield       |    48 |    46 |   138 ||   232
       Rpst.: Long sword |     8 |     6 |    19 ||    33
